 Dungeon Crawl Stone Soup version 0.28.0 (webtiles) character file.

Game seed: 1294834205982071435

5676 Host24 the Sharpshooter (level 11, 0/64 HPs)
             Began as a Kobold Hunter on Feb 5, 2022.
             Was a Believer of Okawaru.
             Slain by a sun demon (16 damage)
             ... summoned by a kobold demonologist
             ... on level 9 of the Dungeon.
             The game lasted 00:34:55 (14568 turns).

Host24 the Sharpshooter (Kobold Hunter)            Turns: 14568, Time: 00:34:55

Health: 0/64       AC: 16    Str: 11 (12) XL:     11   Next: 4%
Magic:  13/15      EV: 17    Int: 12      God:    Okawaru [**....]
Gold:   415        SH:  5    Dex: 15 (18) Spells: 10/10 levels left

rFire   . . .      SeeInvis .   a - +2 hand crossbow
rCold   + . .      Faith    .   (no shield)
rNeg    . . .      Spirit   .   J - +2 ring mail {rC+}
rPois   .          Reflect  +   b - +1 helmet
rElec   .          Harm     .   H - +0 cloak
rCorr   .          Rampage  .   (no gloves)
Will    .....                   (no boots)
Stlth   ++++......              A - amulet of reflection
HPRegen 0.20/turn               N - ring of flight
MPRegen 0.14/turn               E - +4 ring of protection

@: heroic, flying, hasted, very quick
A: small, no large weapons, nightstalker 3
a: Renounce Religion, Heroism


You were on level 9 of the Dungeon.
You worshipped Okawaru.
Okawaru was pleased with you.
You visited 2 branches of the dungeon, and saw 10 of its levels.

You collected 415 gold pieces.

Inventory:

Hand Weapons
 a - a +2 hand crossbow (weapon)
 p - a +2 hand axe of flaming
 I - a +2 spear of venom
Missiles
 d - 157 bolts (quivered ammo)
 f - 205 stones
 g - 155 arrows
 j - 16 boomerangs
 v - 43 sling bullets
 y - 15 poisoned darts
 M - 6 large rocks
Armour
 b - a +1 helmet (worn)
 c - a +0 leather armour
 u - a +2 chain mail of poison resistance
 H - a +0 cloak (worn)
 J - a +2 ring mail of cold resistance (worn)
 P - +0 acid dragon scales
Jewellery
 h - a ring of see invisible
 q - a ring of protection from fire
 A - an amulet of reflection (around neck)
 E - a +4 ring of protection (right hand)
 N - a ring of flight (left hand)
Wands
 D - a wand of iceblast (5)
 K - a wand of paralysis (8)
Scrolls
 e - 3 scrolls of magic mapping
 l - 3 scrolls of immolation
 m - 4 scrolls of teleportation
 t - 2 scrolls of fear
 x - 3 scrolls of amnesia
 z - 2 scrolls of enchant weapon
 C - a scroll of fog {unknown}
 G - a scroll of enchant armour {unknown}
 Q - a scroll of torment {unknown}
Potions
 i - 3 potions of flight
 n - 2 potions of cancellation
 o - a potion of mutation
 r - 3 potions of heal wounds
 s - a potion of lignification
 w - 2 potions of invisibility
 B - a potion of berserk rage
 L - 2 potions of might
 O - a potion of curing
 R - a potion of resistance


   Skills:
 - Level 6.2(11.2) Fighting
 - Level 15.5(20.5) Crossbows
 - Level 3.3(8.3) Armour
 - Level 5.1(10.1) Dodging
 - Level 1.3(6.3) Stealth
 + Level 5.3 Invocations


You had 10 spell levels left.
You didn't know any spells.
Your spell library contained the following spells:

 Spells                   Type           Power      Damage    Failure   Level
 Beastly Appendage        Tmut           0%         N/A       56%         1
 Static Discharge         Conj/Air       0%         N/A       71%         2
 Wereblood                Tmut           0%         N/A       71%         2
 Ozocubu's Armour         Ice            0%         N/A       90%         3
 Spider Form              Tmut/Pois      0%         N/A       90%         3
 Anguish                  Hex/Necr       0%         N/A       100%        4
 Dispel Undead            Necr           0%         3d6       100%        4
 Petrify                  Tmut/Erth      0%         N/A       100%        4
 Sticky Flame             Conj/Fire      0%         2d3       100%        4
 Metabolic Englaciation   Hex/Ice        0%         N/A       100%        5
 Statue Form              Tmut/Erth      0%         N/A       100%        6
 Enfeeble                 Hex            0%         N/A       100%        7
 Orb of Destruction       Conj           0%         9d5       100%        7
 Ozocubu's Refrigeration  Ice            0%         4d5       100%        7
 Summon Guardian Golem    Hex/Summ       Unusable   N/A       N/A         3
 Tukima's Dance           Hex            Unusable   N/A       N/A         3
 Spellforged Servitor     Conj/Summ      Unusable   N/A       N/A         7

Dungeon Overview and Level Annotations

Branches:
Dungeon (9/15)             Temple (1/1) D:7
   Lair: D:8-11         Orc: D:9-12

Altars:
Cheibriados
Dithmenos
Elyvilon
Fedhas
Gozag
Hepliaklqana
Kikubaaqudgha
Makhleb
Nemelex Xobeh
Okawaru
Qazlal
Sif Muna
Trog
Uskayaw
Vehumet
Wu Jian
Xom
Yredelemnul
Zin
The Shining One

Shops:
D:3 !   D:4 !

Annotations:
D:6 1 runed translucent door, Radamante's ghost, novice TrFi


Innate Abilities, Weirdness & Mutations

You are small and have problems with some larger weapons.
You are completely attuned to the shadows.


Message History

The kobold demonologist is heavily wounded.
The kobold demonologist closely misses you.
You block the sun demon's attack. The kobold hits you with a +0 dagger.
The crimson imp lashes its tail.
Fire: 160 bolts
Press: ? - help, Q - select action, (/) - cycle Shift-Dir - straight line, f/p - kobold demonologist
Aim: a kobold demonologist, wielding a +0 dagger and wearing a +0 robe (heavily wounded, 65% to hit)
You shoot a bolt.
The bolt hits the kobold demonologist but does no damage.
The kobold demonologist is heavily wounded.
The sun demon hits you!
You are engulfed in flames!
The kobold demonologist begins to cast a cantrip, but forgets the words!
The kobold barely misses you. The sun demon hits you!
You are engulfed in flames!
The shadow imp misses you.
You gain the combat prowess of a mighty hero.
The kobold demonologist misses you. The kobold misses you.
The sun demon completely misses you.
The shadow imp hits you but does no damage.
You feel yourself speed up.
The kobold demonologist looks braver for a moment.
The kobold hits you but does no damage.
The sun demon hits you but does no damage.
The shadow imp hits you but does no damage.
Fire: 159 bolts
Press: ? - help, Q - select action, (/) - cycle Shift-Dir - straight line, f/p - kobold demonologist
Aim: a kobold demonologist, wielding a +0 dagger and wearing a +0 robe (heavily wounded, 69% to hit)
You shoot a bolt.
The bolt barely misses the kobold demonologist.
The kobold demonologist misses you. You block the crimson imp's attack.
You block the kobold's attack. The sun demon barely misses you.
Fire: 158 bolts
Press: ? - help, Q - select action, (/) - cycle Shift-Dir - straight line, f/p - kobold demonologist
Aim: a kobold demonologist, wielding a +0 dagger and wearing a +0 robe (heavily wounded, 69% to hit)
You shoot a bolt. The bolt hits the kobold demonologist.
The kobold demonologist is heavily wounded.
The shadow imp completely misses you. The kobold demonologist misses you.
The crimson imp misses you. The sun demon hits you.
* * * LOW HITPOINT WARNING * * *
You are engulfed in flames!
You die...

#### ##.... ##....( ##....(.
##..5..(. ##..K3K...
##....@5... ##.....5....
##........... ##....♣...♣.♣.
##.........................
##..........................
##...........................
##..........♣...♣.♣.♣...♣.♣.♣.
#.............................


You could see a sun demon (summoned), a kobold demonologist, a crimson imp
(summoned), a shadow imp (summoned), an ufetubus (summoned) and a kobold.

Vanquished Creatures
  A two-headed ogre (D:8)
  Pikel (D:8)
  Maggie (D:8)
  A hornet (D:8)
  Prince Ribbit (D:8)
  A shadow (D:6)
  A wyvern (D:9)
  3 steam dragons
  A water moccasin (D:7)
  2 ice beasts
  2 orc warriors (D:8)
  A necrophage (D:7)
  4 ogres
  4 centaurs
  3 lemures (D:8)
  A phantom (D:7)
  A wyvern zombie (D:8)
  7 bullfrogs
  3 scorpions
  A water moccasin zombie (D:6)
  A wyvern skeleton (D:6)
  2 killer bees
  5 wights (D:7)
  A bullfrog zombie (D:6)
  2 gnoll shamans
  4 hounds
  A jelly (D:4)
  2 orc priests (D:7)
  9 iguanas
  3 orc wizards
  A killer bee zombie (D:7)
  A hound skeleton (D:5)
  3 howler monkey zombies
  Robin (D:2)
  6 adders
  8 gnolls
  2 howler monkey skeletons (D:6)
  3 shadow imps
  4 white imps
  An ufetubus (D:5)
  An adder skeleton (D:5)
  A dart slug (D:4)
  23 orcs
  6 endoplasms
  2 giant cockroaches
  14 goblins
  6 hobgoblins
  A kobold (D:1)
  2 quokkas
  5 ball pythons
  2 bats
  A frilled lizard (D:1)
  3 rats
167 creatures vanquished.

Vanquished Creatures (others)
  An adder (D:6)
  An orc (D:8)
  15 plants
17 creatures vanquished.

Grand Total: 184 creatures vanquished

Notes
Turn   | Place    | Note
-------+----------+-------------------------------------------
     0 | D:1      | Host24 the Kobold Hunter began the quest for the Orb.
     0 | D:1      | Reached XP level 1. HP: 12/12 MP: 1/1
   246 | D:1      | Reached skill level 5 in Crossbows
   474 | D:1      | Reached XP level 2. HP: 13/18 MP: 2/2
   598 | D:1      | Found a faded altar of an unknown god.
  1698 | D:2      | Noticed Robin
  1718 | D:2      | Reached XP level 3. HP: 23/23 MP: 3/3
  1720 | D:2      | Killed Robin
  1974 | D:2      | Reached XP level 4. HP: 23/28 MP: 4/4
  2926 | D:3      | Reached XP level 5. HP: 32/32 MP: 5/5
  2985 | D:3      | Reached skill level 6 in Crossbows
  3063 | D:3      | Found Zaloirch's Distillery.
  3777 | D:4      | Reached skill level 7 in Crossbows
  3777 | D:4      | Reached XP level 6. HP: 24/37 MP: 6/6
  3954 | D:4      | Found Fayptoamp's Distillery.
  4407 | D:4      | Found a white marble altar of Elyvilon.
  5151 | D:5      | Entered Level 5 of the Dungeon
  5162 | D:5      | Noticed an ogre
  5377 | D:5      | Reached skill level 8 in Crossbows
  5607 | D:5      | Reached XP level 7. HP: 37/41 MP: 7/7
  5801 | D:5      | Reached skill level 9 in Crossbows
  6386 | D:5      | Reached skill level 10 in Crossbows
  6859 | D:5      | Reached XP level 8. HP: 48/48 MP: 8/8
  7929 | D:6      | Reached skill level 5 in Fighting
  8286 | D:6      | Noticed a shadow
  8307 | D:6      | Reached skill level 5 in Dodging
  8553 | D:6      | Reached XP level 9. HP: 29/55 MP: 9/9
  8714 | D:6      | Reached skill level 11 in Crossbows
  8922 | D:6      | Reached skill level 1 in Armour
  9584 | D:6      | Found a runed translucent door.
  9584 | D:6      | Noticed Radamante's ghost (novice TrFi)
 10018 | D:7      | Reached skill level 12 in Crossbows
 10323 | D:7      | Reached skill level 13 in Crossbows
 10335 | D:7      | Reached XP level 10. HP: 39/60 MP: 10/10
 10760 | D:7      | Found a staircase to the Ecumenical Temple.
 10769 | Temple   | Entered the Ecumenical Temple
 10948 | Temple   | Became a worshipper of Warmaster Okawaru
 11681 | D:8      | Noticed Pikel
 11842 | D:8      | Noticed Maggie
 11853 | D:8      | Killed Maggie
 11854 | D:8      | Reached skill level 14 in Crossbows
 12059 | D:8      | Noticed Prince Ribbit
 12076 | D:8      | Killed Prince Ribbit
 12402 | D:8      | Reached skill level 15 in Crossbows
 12588 | D:8      | Found an opulent altar of Gozag.
 13080 | D:8      | Killed Pikel
 13080 | D:8      | Reached * piety under Okawaru
 13290 | D:9      | Noticed a centaur warrior
 13334 | D:9      | Found a shimmering blue altar of Sif Muna.
 13372 | D:9      | Noticed a two-headed ogre
 13792 | D:8      | Killed a two-headed ogre
 14154 | D:9      | Reached XP level 11. HP: 64/64 MP: 14/14
 14180 | D:9      | Reached ** piety under Okawaru
 14194 | D:9      | Reached skill level 5 in Invocations
 14557 | D:9      | Noticed a sun demon
 14568 | D:9      | Slain by a sun demon

Illustrated notes

Levels and vault maps discovered:
D:1:      kennysheep_arrival_seaside, layout_loops_ring,
          shapermc_ecumenical_altar_ellora
D:2:      layout_loops_corners, uniq_robin
D:3:      layout_loops_ring, serial_shops, nicolae_shop_trees
D:4:      wad_lake_hut, layout_layer_cave, overflow_temple_1_default,
          serial_shops, shop, kennysheep_generic_room_2
D:5:      layout_layer_cave, serial_bayou_pond_a, hangedman_decor_opposing,
          minmay_chambers_of_fives
D:6:      hangedman_cross_stitches, layout_loops_ring, gammafunk_ghost_grave
D:7:      layout_basic, minmay_temple_entry_overgrown
D:8:      layout_basic, mainiacjoe_overflow_brackets, hangedman_decor_riveting,
          uniq_maggie, uniq_prince_ribbit1, uniq_pikel
D:9:      layout_big_octagon, nicolae_overflow_hidden_temple,
          lemuel_blue_sif_altar, david_orc_2, serial_park, serial_park_gazebo
          [serial_park_minivault_5x5_4], serial_park_avenue1,
          serial_park_square1 [serial_park_minivault_5x5_1], serial_park_tiny_1,
          serial_bayou_crossing
Temple:   minmay_crystal_spiral_temple

Skill      XL: |  1  2  3  4  5  6  7  8  9 10 11 |
---------------+----------------------------------+-----
Crossbows      | 5 7 8 10 13 15 | 15.5
Fighting       | 3 6 |  6.2
Dodging        | 3 4 5 |  5.1
Armour         | 3 |  3.3
Invocations    | 4 5 |  5.3
Stealth        | |  1.3

Action                   |  1- 3 |  4- 6 |  7- 9 | 10-12 || total
-------------------------+-------+-------+-------+-------++-------
Melee: Short sword       |    57 |       |       |       ||    57
       Hand axe          |    35 |    65 |   210 |    68 ||   378
       Punch             |     2 |       |     2 |     4 ||     8
       Hand crossbow     |       |       |     2 |       ||     2
       Spear             |       |       |    10 |   115 ||   125
 Fire: Hand crossbow     |     2 |    35 |   153 |    77 ||   267
Throw: Stone             |       |       |       |     2 ||     2
Invok: Heroism           |       |       |       |     3 ||     3
  Use: Scroll            |       |       |       |    10 ||    10
       Potion            |       |       |       |    10 ||    10
 Stab: Sleeping          |     7 |    12 |     5 |     5 ||    29
       Distracted        |       |       |     1 |     1 ||     2
Armor: Leather armour    |    16 |    15 |    97 |       ||   128
       Ring mail         |       |       |     6 |    90 ||    96
Dodge: Dodged            |    58 |    58 |   265 |   171 ||   552
Block: Other             |       |     3 |    78 |    56 ||   137
       Reflection        |       |       |     1 |     2 ||     3
